Winnipeg Jets vs Calgary Flames
(R1)
Created - Tuesday, February 13, 2024 at 07:23
Goals
|
| Winnipeg Jets |
0 |
0 |
4 |
4 |
| Calgary Flames |
3 |
3 |
0 |
6 |
|
Shots
|
| Winnipeg Jets |
10 |
8 |
24 |
42 |
| Calgary Flames |
16 |
17 |
4 |
37 |
|
1st period
1. Calgary Flames , Rafael Harvey-Pinard 3 (Ryan McDonagh 2) at 4:10
2. Calgary Flames , Rafael Harvey-Pinard 4 (Michael Anderson 3, Yakov Trenin 1) at 8:16
3. Calgary Flames , Zach Hyman 3 (Sebastian Aho 7, Rasmus Andersson 4) at 10:48
Penalties :
Klim Kostin (WPG) for Tripping (Minor) at 1:04, Matthew Tkachuk (CGY) for Holding (Minor) at 5:40, Matthew Tkachuk (CGY) for High sticking (Minor) at 12:17
2nd period
4. Calgary Flames , Michael Anderson 1 (Sebastian Aho 8, Timo Meier 3) at 1:38
5. Calgary Flames , Matthew Tkachuk 9 (J.T. Miller 7) at 10:36 (PP)
6. Calgary Flames , Sebastian Aho 6 (Zach Hyman 7, Rasmus Andersson 5) at 14:56
Penalties :
Sebastian Aho (CGY) for Fighting (Major) at 2:11, Barclay Goodrow (WPG) for Fighting (Major) at 2:11, Barclay Goodrow (WPG) for instigated a fight (Minor) at 2:11, Barclay Goodrow (WPG) for instigated a fight (10 Minutes Misconduct) at 2:11, Dante Fabbro (WPG) for Hooking (Minor) at 10:34, Matthew Tkachuk (CGY) for Slashing (Minor) at 15:19, Yakov Trenin (CGY) for Slashing (Minor) at 19:22
3rd period
7. Winnipeg Jets , Lucas Raymond 2 (Dante Fabbro 3) at 2:48
8. Winnipeg Jets , Andrew Cogliano 2 (Nick Suzuki 7, Calen Addison 2) at 5:09
9. Winnipeg Jets , Lucas Raymond 3 (Connor McDavid 7, Alex DeBrincat 6) at 7:35
10. Winnipeg Jets , Connor McDavid 5 (Nick Suzuki 8) at 18:36 (SH)
Penalties :
Joel Eriksson Ek (CGY) for Fighting (Major) at 2:59, Dante Fabbro (WPG) for Fighting (Major) at 2:59, Mathieu Joseph (CGY) for Interference (Minor) at 16:21, Andrew Cogliano (WPG) for High sticking (Minor) at 17:37
Goalie Stats
Ukko-Pekka Luukkonen (WPG), 31 saves from 37 shots - (0.838), L, 1-1-0, 60:00 minutes
Ilya Sorokin (CGY), 38 saves from 42 shots - (0.905), W, 5-1-1, 60:00 minutes
Players Stats for Winnipeg Jets
Player Name G A P +/- PIM S H SB GA TA FO MP PP MP PK MP
------------------------------------------------------------------------------------
Alex DeBrincat 0 1 1 2 0 5 1 2 0 0 3/5 21:55 4:49 2:30
Andrew Cogliano 1 0 1 0 2 2 1 1 0 1 0/2 17:40 4:22 0:00
Barclay Goodrow 0 0 0 -1 17 1 1 0 0 1 0/2 7:35 0:00 0:00
Calen Addison 0 1 1 0 0 4 0 0 1 0 0/0 21:46 4:21 2:18
Connor McDavid 1 1 2 3 0 4 0 0 1 0 15/30 21:23 4:49 2:30
Dante Fabbro 0 1 1 0 7 1 2 3 0 2 0/0 23:20 4:51 2:41
Joel Armia 0 0 0 -2 0 2 2 1 0 0 1/3 11:03 0:00 0:16
Jordan Harris 0 0 0 -1 0 1 0 0 0 0 0/0 13:46 0:00 0:00
Kaapo Kakko 0 0 0 0 0 2 2 0 0 0 0/0 17:21 4:23 0:00
Kaiden Guhle 0 0 0 1 0 3 3 4 0 2 0/0 26:46 4:51 2:58
Klim Kostin 0 0 0 -2 2 3 1 0 0 0 0/0 7:13 0:00 0:00
Lucas Raymond 2 0 2 1 0 4 2 0 0 0 1/1 24:27 4:49 2:30
Matthew Beniers 0 0 0 -2 0 0 0 0 0 1 1/2 10:29 0:00 0:00
Nathan Beaulieu 0 0 0 0 0 1 3 0 0 0 0/0 21:46 4:21 2:18
Nick Suzuki 0 2 2 1 0 7 1 1 0 0 9/13 20:22 4:23 2:30
Pius Suter 0 0 0 -2 0 1 0 0 2 0 0/0 7:37 0:00 0:16
Sam Steel 0 0 0 -2 0 1 1 0 0 1 7/8 7:10 0:00 0:00
Ty Smith 0 0 0 -2 0 0 0 0 0 0 0/0 12:17 0:00 0:17
Players Stats for Calgary Flames
Player Name G A P +/- PIM S H SB GA TA FO MP PP MP PK MP
------------------------------------------------------------------------------------
Cole Sillinger 0 0 0 1 0 1 0 0 0 0 1/3 8:18 0:15 0:00
Drew Doughty 0 0 0 0 0 0 0 1 1 0 0/0 23:12 2:52 4:15
J.T. Miller 0 1 1 -2 0 1 2 1 0 0 14/27 21:42 2:47 4:50
Jeff Petry 0 0 0 -2 0 0 1 0 0 0 0/0 23:23 2:24 4:57
Joel Eriksson Ek 0 0 0 -1 5 3 0 1 1 1 4/9 18:04 2:47 4:17
Kris Letang 0 0 0 0 0 1 1 1 1 0 0/0 17:16 2:42 0:00
Mathieu Joseph 0 0 0 -1 2 2 0 1 0 0 0/3 15:02 0:10 3:47
Matthew Tkachuk 1 0 1 -2 6 5 4 0 2 0 1/2 18:16 2:47 0:30
Michael Anderson 1 1 2 3 0 2 1 2 0 1 0/0 19:38 0:10 4:15
Nic Dowd 0 0 0 -2 0 1 1 4 0 0 7/13 19:13 0:47 4:48
Oliver Bjorkstrand 0 0 0 -1 0 3 0 0 0 0 0/0 10:51 0:00 0:00
Rafael Harvey-Pinard 2 0 2 1 0 5 0 0 0 0 0/0 8:01 0:00 0:00
Rasmus Andersson 0 2 2 1 0 0 0 0 0 0 0/0 16:39 2:24 0:00
Ryan McDonagh 0 1 1 0 0 1 0 2 0 1 0/0 19:52 0:00 4:57
Sebastian Aho 1 2 3 3 5 6 2 1 1 0 2/8 13:39 1:27 0:05
Timo Meier 0 1 1 3 0 1 0 0 1 1 0/0 14:56 2:19 0:07
Yakov Trenin 0 1 1 1 2 3 1 0 0 0 0/0 8:17 0:00 0:00
Zach Hyman 1 1 2 3 0 2 1 0 1 0 0/1 13:39 2:29 0:00
3 Stars
1 - Michael Anderson (CGY)
2 - Zach Hyman (CGY)
3 - Rafael Harvey-Pinard (CGY)
Power Play
Winnipeg Jets - 0 on 5 Attempt(s) - 0.00%
Calgary Flames - 1 on 4 Attempt(s) - 25.00%
Penalty Kill
Winnipeg Jets - 3 on 4 Attempt(s) - 75.00%
- Score 1 goal in Penalty Kill
Calgary Flames - 5 on 5 Attempt(s) - 100.00%
- Score 0 goal in Penalty Kill
Team Stat
Winnipeg Jets - Hits : 20 - Faceoff Wins : 37 - Blocked Shots : 12 - Penalty Minutes : 28
Calgary Flames - Hits : 14 - Faceoff Wins : 29 - Blocked Shots : 14 - Penalty Minutes : 20
Official
Referees : Mike Leggo and Gord Dwyer
Linesman : Mark Shewchyk and Jonny Murray
Game Notes
Sebastian Aho and Barclay Goodrow fight to a draw at 2:11 of 2nd period
Joel Eriksson Ek and Dante Fabbro fight to a draw at 2:59 of 3rd period
Finance
Level 1 -- Attendance: 4507 (75.12%) -- Ticket Income $450,700
Level 2 -- Attendance: 3904 (78.08%) -- Ticket Income $234,240
Level 3 -- Attendance: 2198 (73.27%) -- Ticket Income $76,930
Level 4 -- Attendance: 4032 (80.64%) -- Ticket Income $100,800
Luxury Box -- Attendance: 779 (77.90%) -- Ticket Income $155,800
Game was played at the Scotiabank Saddledome.
Total Attendance: 15420 (77.10%)
Total Ticket Income: $1,018,470
Other Income: $356,464
Total Income: $1,374,934
Winnipeg Jets
5 vs 5 Forward
Center Left Wing Right Wing Time % Phy DF OF
1 Connor McDavid Alex DeBrincat Lucas Raymond 30 1 2 2
2 Nick Suzuki Andrew Cogliano Kaapo Kakko 30 1 2 2
3 Matthew Beniers Barclay Goodrow Joel Armia 25 1 2 2
4 Sam Steel Pius Suter Klim Kostin 15 1 2 2
5 vs 5 Defense
Defense Defense Time % Phy DF OF
1 Dante Fabbro Kaiden Guhle 30 1 2 2
2 Nathan Beaulieu Calen Addison 30 1 2 2
3 Jordan Harris Ty Smith 25 1 2 2
4 Dante Fabbro Kaiden Guhle 15 1 2 2
PowerPlay Forward
Center Left Wing Right Wing Time % Phy DF OF
1 Connor McDavid Alex DeBrincat Lucas Raymond 50 1 2 2
2 Nick Suzuki Andrew Cogliano Kaapo Kakko 50 1 2 2
PowerPlay Defense
Defense Defense Time % Phy DF OF
1 Dante Fabbro Kaiden Guhle 50 1 2 2
2 Nathan Beaulieu Calen Addison 50 1 2 2
Penalty Kill 4 Players Forward
Center Wing Time % Phy DF OF
1 Connor McDavid Nick Suzuki 50 1 2 2
2 Alex DeBrincat Lucas Raymond 50 1 2 2
Penalty Kill 4 Players Defense
Defense Defense Time % Phy DF OF
1 Dante Fabbro Kaiden Guhle 50 1 2 2
2 Nathan Beaulieu Calen Addison 50 1 2 2
Penalty Kill - 3 Players Forward
Forward Time % Phy DF OF
1 Connor McDavid 50 1 2 2
2 Nick Suzuki 50 1 2 2
Penalty Kill - 3 Players Defense
Defense Defense Time % Phy DF OF
1 Dante Fabbro Kaiden Guhle 50 1 2 2
2 Nathan Beaulieu Calen Addison 50 1 2 2
4 vs 4 Forward
Center Wing Time % Phy DF OF
1 Connor McDavid Nick Suzuki 50 1 2 2
2 Alex DeBrincat Lucas Raymond 50 1 2 2
4 vs 4 Defense
Defense Defense Time % Phy DF OF
1 Dante Fabbro Kaiden Guhle 50 1 2 2
2 Nathan Beaulieu Calen Addison 50 1 2 2
Last Minutes Offensive
Center Left Wing Right Wing Defense Defense
Connor McDavid Alex DeBrincat Lucas Raymond Dante Fabbro Kaiden Guhle
Last Minutes Defensive
Center Left Wing Right Wing Defense Defense
Connor McDavid Alex DeBrincat Lucas Raymond Dante Fabbro Kaiden Guhle
Goaltenders
Starting : Ukko-Pekka Luukkonen
Backup : Spencer Knight
Extra Forwards
Normal : Matthew Beniers, Barclay Goodrow, Joel Armia - PP : Matthew Beniers, Barclay Goodrow - PK : Joel Armia
Extra Defensemen
Normal : Jordan Harris, Ty Smith, Nathan Beaulieu - PP : Jordan Harris - PK : Ty Smith, Nathan Beaulieu
Penalty Shots
Connor McDavid, Nick Suzuki, Alex DeBrincat, Lucas Raymond, Matthew Beniers
Calgary Flames
5 vs 5 Forward
Center Left Wing Right Wing Time % Phy DF OF
1 J.T. Miller Matthew Tkachuk Joel Eriksson Ek 31 0 2 3
2 Sebastian Aho Zach Hyman Timo Meier 30 0 2 3
3 Nic Dowd Mathieu Joseph Oliver Bjorkstrand 29 0 2 3
4 Cole Sillinger Rafael Harvey-Pinard Yakov Trenin 10 1 3 1
5 vs 5 Defense
Defense Defense Time % Phy DF OF
1 Drew Doughty Jeff Petry 35 1 3 1
2 Ryan McDonagh Kris Letang 35 1 3 1
3 Michael Anderson Rasmus Andersson 30 1 3 1
4 Kris Letang Jeff Petry 0 1 3 1
PowerPlay Forward
Center Left Wing Right Wing Time % Phy DF OF
1 J.T. Miller Matthew Tkachuk Joel Eriksson Ek 50 0 0 5
2 Sebastian Aho Zach Hyman Timo Meier 50 0 0 5
PowerPlay Defense
Defense Defense Time % Phy DF OF
1 Kris Letang Drew Doughty 50 0 0 5
2 Rasmus Andersson Jeff Petry 50 0 0 5
Penalty Kill 4 Players Forward
Center Wing Time % Phy DF OF
1 Joel Eriksson Ek Mathieu Joseph 50 0 5 0
2 J.T. Miller Nic Dowd 50 0 5 0
Penalty Kill 4 Players Defense
Defense Defense Time % Phy DF OF
1 Jeff Petry Ryan McDonagh 50 0 5 0
2 Michael Anderson Drew Doughty 50 0 5 0
Penalty Kill - 3 Players Forward
Forward Time % Phy DF OF
1 J.T. Miller 50 0 5 0
2 Sebastian Aho 50 0 5 0
Penalty Kill - 3 Players Defense
Defense Defense Time % Phy DF OF
1 Kris Letang Jeff Petry 50 0 5 0
2 Michael Anderson Drew Doughty 50 0 5 0
4 vs 4 Forward
Center Wing Time % Phy DF OF
1 J.T. Miller Timo Meier 50 1 2 2
2 Sebastian Aho Zach Hyman 50 1 2 2
4 vs 4 Defense
Defense Defense Time % Phy DF OF
1 Kris Letang Jeff Petry 50 1 2 2
2 Drew Doughty Michael Anderson 50 1 2 2
Last Minutes Offensive
Center Left Wing Right Wing Defense Defense
J.T. Miller Matthew Tkachuk Sebastian Aho Kris Letang Drew Doughty
Last Minutes Defensive
Center Left Wing Right Wing Defense Defense
J.T. Miller Sebastian Aho Joel Eriksson Ek Ryan McDonagh Drew Doughty
Goaltenders
Starting : Ilya Sorokin
Backup : Samuel Montembeault
Extra Forwards
Normal : Nic Dowd, Joel Eriksson Ek, Mathieu Joseph - PP : Nic Dowd, Joel Eriksson Ek - PK : Mathieu Joseph
Extra Defensemen
Normal : Rasmus Andersson, Michael Anderson, Jeff Petry - PP : Rasmus Andersson - PK : Michael Anderson, Jeff Petry
Penalty Shots
J.T. Miller, Matthew Tkachuk, Sebastian Aho, Joel Eriksson Ek, Timo Meier
% Time on Ice - Winnipeg Jets
Lines # - Real PCT - Wanted PCT - Time Play
Normal Forward
1 - 31% - 30% - 13:53
2 - 30% - 30% - 13:17
3 - 23% - 25% - 10:29
4 - 16% - 15% - 7:10
Normal Defense
1 - 28% - 30% - 12:36
2 - 33% - 30% - 14:53
3 - 26% - 25% - 11:42
4 - 13% - 15% - 5:38
PP Forward
1 - 52% - 50% - 4:49
2 - 48% - 50% - 4:23
PP Defense
1 - 53% - 50% - 4:51
2 - 47% - 50% - 4:21
PK Forward
1 - 47% - 50% - 2:30
2 - 53% - 50% - 2:46
PK Defense
1 - 52% - 50% - 2:43
2 - 48% - 50% - 2:33
PK3 Forward
1 - 0% - 50%
2 - 0% - 50%
PK3 Defense
1 - 0% - 50%
2 - 0% - 50%
44 Forward
1 - 26% - 50% - 0:11
2 - 74% - 50% - 0:32
44 Defense
1 - 26% - 50% - 0:11
2 - 74% - 50% - 0:32
Last Minute Offensive - 0:00
Last Minute Defensive - 0:00
Total
Forward - 60:00
Defense - 60:00
|
% Time on Ice - Calgary Flames
Lines # - Real PCT - Wanted PCT - Time Play
Normal Forward
1 - 30% - 31% - 13:30
2 - 28% - 30% - 12:27
3 - 24% - 29% - 10:51
4 - 18% - 10% - 8:01
Normal Defense
1 - 34% - 35% - 15:17
2 - 35% - 35% - 15:39
3 - 31% - 30% - 13:47
4 - 0% - 0% - 0:06
PP Forward
1 - 53% - 50% - 2:47
2 - 47% - 50% - 2:29
PP Defense
1 - 51% - 50% - 2:42
2 - 49% - 50% - 2:34
PK Forward
1 - 47% - 50% - 4:17
2 - 53% - 50% - 4:55
PK Defense
1 - 54% - 50% - 4:57
2 - 46% - 50% - 4:15
PK3 Forward
1 - 0% - 50%
2 - 0% - 50%
PK3 Defense
1 - 0% - 50%
2 - 0% - 50%
44 Forward
1 - 26% - 50% - 0:11
2 - 74% - 50% - 0:32
44 Defense
1 - 26% - 50% - 0:11
2 - 74% - 50% - 0:32
Last Minute Offensive - 0:00
Last Minute Defensive - 0:00
Total
Forward - 60:00
Defense - 60:00
|
Play-by-Play
1st period
0:01 of 1st period - J.T. Miller wins face-off versus Connor McDavid in neutral zone.
0:04 of 1st period - Dante Fabbro is hit by Matthew Tkachuk and loses puck.
0:13 of 1st period - Matthew Tkachuk is hit by Kaiden Guhle and loses puck.
0:27 of 1st period - Icing by Matthew Tkachuk.
0:28 of 1st period - Nick Suzuki wins face-off versus Sebastian Aho in Calgary Flames zone.
1:01 of 1st period - Snap shot by Mathieu Joseph.
1:01 of 1st period - Deflect By Oliver Bjorkstrand.
1:01 of 1st period - Shot Misses the Net.
1:01 of 1st period - Puck is out of play.
1:02 of 1st period - Sam Steel wins face-off versus Cole Sillinger in Winnipeg Jets zone.
1:04 of 1st period - Minor Penalty to Klim Kostin for Tripping.
1:05 of 1st period - Connor McDavid wins face-off versus Joel Eriksson Ek in Winnipeg Jets zone.
3:04 of 1st period - Penalty to Klim Kostin is over, Klim Kostin is back on ice.
3:17 of 1st period - Wrist shot by Matthew Beniers.
3:17 of 1st period - Shot Misses the Net.
3:19 of 1st period - Snap shot by Joel Armia.
3:19 of 1st period - Stopped by Ilya Sorokin with a rebound.
3:21 of 1st period - Slapshot by Joel Armia.
3:21 of 1st period - Stopped by Ilya Sorokin without a rebound.
3:22 of 1st period - Sam Steel wins face-off versus Cole Sillinger in Calgary Flames zone.
3:27 of 1st period - Snap shot by Klim Kostin.
3:27 of 1st period - Stopped by Ilya Sorokin without a rebound.
3:28 of 1st period - Cole Sillinger wins face-off versus Sam Steel in Calgary Flames zone.
3:28 of 1st period - Cole Sillinger is hit by Klim Kostin.
3:38 of 1st period - Wrist shot by Klim Kostin.
3:38 of 1st period - Stopped by Ilya Sorokin with a rebound.
4:08 of 1st period - Wrist shot by Rafael Harvey-Pinard.
4:08 of 1st period - Shot Misses the Net.
4:10 of 1st period - Snap shot by Rafael Harvey-Pinard.
4:10 of 1st period - Goal by Rafael Harvey-Pinard - Winnipeg Jets : 0 - Calgary Flames : 1.
4:11 of 1st period - J.T. Miller wins face-off versus Connor McDavid in neutral zone.
4:43 of 1st period - Andrew Cogliano is hit by Zach Hyman and loses puck.
5:10 of 1st period - Icing by Oliver Bjorkstrand.
5:11 of 1st period - Nic Dowd wins face-off versus Connor McDavid in Calgary Flames zone.
5:18 of 1st period - Snap shot by Oliver Bjorkstrand.
5:18 of 1st period - Shot Blocked by Kaiden Guhle.
5:35 of 1st period - Icing by Nic Dowd.
5:36 of 1st period - Nick Suzuki wins face-off versus J.T. Miller in Calgary Flames zone.
5:40 of 1st period - Minor Penalty to Matthew Tkachuk for Holding.
5:41 of 1st period - Connor McDavid wins face-off versus Joel Eriksson Ek in Calgary Flames zone.
5:41 of 1st period - Slapshot by Lucas Raymond.
5:41 of 1st period - Deflect By Alex DeBrincat.
5:41 of 1st period - Shot Misses the Net.
5:41 of 1st period - Puck is out of play.
5:42 of 1st period - Joel Eriksson Ek wins face-off versus Connor McDavid in Calgary Flames zone.
5:51 of 1st period - Wrist shot by Connor McDavid.
5:51 of 1st period - Shot Misses the Net.
7:01 of 1st period - Slapshot by Nick Suzuki.
7:01 of 1st period - Stopped by Ilya Sorokin with a rebound.
7:03 of 1st period - Slapshot by Kaiden Guhle.
7:03 of 1st period - Deflect By Nick Suzuki.
7:03 of 1st period - Stopped by Ilya Sorokin with a rebound.
7:05 of 1st period - Wrist shot by Andrew Cogliano.
7:05 of 1st period - Stopped by Ilya Sorokin without a rebound.
7:06 of 1st period - Alex DeBrincat wins face-off versus J.T. Miller in Calgary Flames zone.
7:23 of 1st period - Slapshot by Lucas Raymond.
7:23 of 1st period - Shot Blocked by Ryan McDonagh.
7:40 of 1st period - Penalty to Matthew Tkachuk is over, Matthew Tkachuk is back on ice.
8:12 of 1st period - Snap shot by Sebastian Aho.
8:12 of 1st period - Shot Misses the Net.
8:14 of 1st period - Snap shot by Yakov Trenin.
8:14 of 1st period - Stopped by Ukko-Pekka Luukkonen with a rebound.
8:16 of 1st period - Slapshot by Michael Anderson.
8:16 of 1st period - Deflect By Rafael Harvey-Pinard.
8:16 of 1st period - Goal by Rafael Harvey-Pinard - Winnipeg Jets : 0 - Calgary Flames : 2.
8:17 of 1st period - Nick Suzuki wins face-off versus J.T. Miller in neutral zone.
8:19 of 1st period - Off-side.
8:20 of 1st period - Nick Suzuki wins face-off versus J.T. Miller in neutral zone.
9:56 of 1st period - Slapshot by Nick Suzuki.
9:56 of 1st period - Stopped by Ilya Sorokin with a rebound.
10:48 of 1st period - Wrist shot by Zach Hyman.
10:48 of 1st period - Goal by Zach Hyman - Winnipeg Jets : 0 - Calgary Flames : 3.
10:49 of 1st period - J.T. Miller wins face-off versus Nick Suzuki in neutral zone.
10:58 of 1st period - Andrew Cogliano is hit by Matthew Tkachuk and loses puck.
11:25 of 1st period - Kaiden Guhle is hit by Sebastian Aho and loses puck.
11:38 of 1st period - Snap shot by Kaapo Kakko.
11:38 of 1st period - Deflect By Nick Suzuki.
11:38 of 1st period - Shot Blocked by Kris Letang.
11:38 of 1st period - Puck is out of play.
11:39 of 1st period - Nic Dowd wins face-off versus Connor McDavid in Calgary Flames zone.
11:55 of 1st period - Wrist shot by Connor McDavid.
11:55 of 1st period - Stopped by Ilya Sorokin with a rebound.
12:05 of 1st period - Joel Armia is hit by Matthew Tkachuk and loses puck.
12:12 of 1st period - Wrist shot by Matthew Beniers.
12:12 of 1st period - Shot Blocked by J.T. Miller.
12:17 of 1st period - Minor Penalty to Matthew Tkachuk for High sticking.
12:18 of 1st period - Nic Dowd wins face-off versus Connor McDavid in Calgary Flames zone.
12:32 of 1st period - Wrist shot by Joel Eriksson Ek.
12:32 of 1st period - Shot Blocked by Alex DeBrincat.
12:34 of 1st period - Slapshot by Ryan McDonagh.
12:34 of 1st period - Stopped by Ukko-Pekka Luukkonen with a rebound.
12:50 of 1st period - Slapshot by J.T. Miller.
12:50 of 1st period - Stopped by Ukko-Pekka Luukkonen with a rebound.
12:52 of 1st period - Slapshot by Ryan McDonagh.
12:52 of 1st period - Shot Blocked by Andrew Cogliano.
12:54 of 1st period - Snap shot by Nic Dowd.
12:54 of 1st period - Stopped by Ukko-Pekka Luukkonen without a rebound.
12:55 of 1st period - J.T. Miller wins face-off versus Nick Suzuki in Winnipeg Jets zone.
13:06 of 1st period - Michael Anderson is hit by Andrew Cogliano and loses puck.
13:11 of 1st period - Slapshot by Nick Suzuki.
13:11 of 1st period - Shot Misses the Net.
13:29 of 1st period - Snap shot by Alex DeBrincat.
13:29 of 1st period - Shot Misses the Net.
13:31 of 1st period - Snap shot by Kaiden Guhle.
13:31 of 1st period - Deflect By Drew Doughty.
13:31 of 1st period - Stopped by Ilya Sorokin without a rebound.
13:32 of 1st period - J.T. Miller wins face-off versus Andrew Cogliano in Calgary Flames zone.
13:51 of 1st period - Slapshot by Mathieu Joseph.
13:51 of 1st period - Stopped by Ukko-Pekka Luukkonen with a rebound.
14:17 of 1st period - Penalty to Matthew Tkachuk is over, Matthew Tkachuk is back on ice.
14:25 of 1st period - Zach Hyman is hit by Joel Armia and loses puck.
15:54 of 1st period - Slapshot by Matthew Beniers.
15:54 of 1st period - Shot Misses the Net.
16:30 of 1st period - Wrist shot by Connor McDavid.
16:30 of 1st period - Shot Misses the Net.
16:36 of 1st period - Lucas Raymond is hit by Yakov Trenin and loses puck.
16:49 of 1st period - Backhand shot by Rafael Harvey-Pinard.
16:49 of 1st period - Stopped by Ukko-Pekka Luukkonen with a rebound.
16:51 of 1st period - Snap shot by Yakov Trenin.
16:51 of 1st period - Stopped by Ukko-Pekka Luukkonen with a rebound.
16:53 of 1st period - Wrist shot by Yakov Trenin.
16:53 of 1st period - Stopped by Ukko-Pekka Luukkonen with a rebound.
16:55 of 1st period - Wrist shot by Michael Anderson.
16:55 of 1st period - Stopped by Ukko-Pekka Luukkonen with a rebound.
16:57 of 1st period - Snap shot by Rafael Harvey-Pinard.
16:57 of 1st period - Stopped by Ukko-Pekka Luukkonen with a rebound.
16:59 of 1st period - Snap shot by Rasmus Andersson.
16:59 of 1st period - Shot Misses the Net.
17:05 of 1st period - Snap shot by Rafael Harvey-Pinard.
17:05 of 1st period - Stopped by Ukko-Pekka Luukkonen with a rebound.
17:07 of 1st period - Wrist shot by Yakov Trenin.
17:07 of 1st period - Shot Blocked by Kaiden Guhle.
17:09 of 1st period - Wrist shot by Cole Sillinger.
17:09 of 1st period - Stopped by Ukko-Pekka Luukkonen with a rebound.
17:11 of 1st period - Backhand shot by Michael Anderson.
17:11 of 1st period - Shot Blocked by Dante Fabbro.
17:13 of 1st period - Snap shot by Rafael Harvey-Pinard.
17:13 of 1st period - Deflect By Yakov Trenin.
17:13 of 1st period - Deflect By Connor McDavid.
17:13 of 1st period - Shot Blocked by Dante Fabbro.
17:13 of 1st period - Puck is out of play.
17:14 of 1st period - Nick Suzuki wins face-off versus J.T. Miller in Winnipeg Jets zone.
17:42 of 1st period - Slapshot by Matthew Tkachuk.
17:42 of 1st period - Shot Misses the Net.
17:56 of 1st period - Nick Suzuki is hit by J.T. Miller and loses puck.
18:21 of 1st period - Wrist shot by Joel Eriksson Ek.
18:21 of 1st period - Shot Misses the Net.
18:23 of 1st period - Wrist shot by Joel Eriksson Ek.
18:23 of 1st period - Stopped by Ukko-Pekka Luukkonen without a rebound.
18:24 of 1st period - Connor McDavid wins face-off versus Mathieu Joseph in Winnipeg Jets zone.
18:33 of 1st period - Wrist shot by Oliver Bjorkstrand.
18:33 of 1st period - Shot Misses the Net.
19:12 of 1st period - Calen Addison is hit by Michael Anderson.
19:18 of 1st period - Michael Anderson is hit by Nathan Beaulieu and loses puck.
Goals for this period are 0 for Winnipeg Jets vs 3 for Calgary Flames.
Shots for this period are 10 for Winnipeg Jets vs 16 for Calgary Flames.
2nd period
0:01 of 2nd period - Connor McDavid wins face-off versus Nic Dowd in neutral zone.
0:04 of 2nd period - Mathieu Joseph is hit by Kaiden Guhle and loses puck.
0:17 of 2nd period - Snap shot by Connor McDavid.
0:17 of 2nd period - Stopped by Ilya Sorokin with a rebound.
0:27 of 2nd period - Oliver Bjorkstrand is hit by Dante Fabbro and loses puck.
0:32 of 2nd period - Slapshot by Matthew Beniers.
0:32 of 2nd period - Shot Blocked by Ryan McDonagh.
0:34 of 2nd period - Wrist shot by Barclay Goodrow.
0:34 of 2nd period - Shot Misses the Net.
0:50 of 2nd period - Calen Addison is hit by Kris Letang and loses puck.
1:00 of 2nd period - Off-side.
1:01 of 2nd period - J.T. Miller wins face-off versus Connor McDavid in neutral zone.
1:36 of 2nd period - Snap shot by Sebastian Aho.
1:36 of 2nd period - Shot Misses the Net.
1:38 of 2nd period - Snap shot by Michael Anderson.
1:38 of 2nd period - Goal by Michael Anderson - Winnipeg Jets : 0 - Calgary Flames : 4.
1:39 of 2nd period - Nic Dowd wins face-off versus Matthew Beniers in neutral zone.
2:11 of 2nd period - Sebastian Aho and Barclay Goodrow fight to a draw.
2:11 of 2nd period - Penalty to Sebastian Aho for Fighting.
2:11 of 2nd period - Penalty to Barclay Goodrow for Fighting.
2:11 of 2nd period - Penalty to Barclay Goodrow for instigated a fight.
2:11 of 2nd period - Penalty to Barclay Goodrow for instigated a fight.
2:12 of 2nd period - Connor McDavid wins face-off versus Nic Dowd in Winnipeg Jets zone.
4:01 of 2nd period - Joel Eriksson Ek is hit by Dante Fabbro and loses puck.
4:11 of 2nd period - Penalty to Barclay Goodrow is over, Joel Armia is send on ice.
4:22 of 2nd period - Snap shot by Cole Sillinger.
4:22 of 2nd period - Shot Blocked by Joel Armia.
4:24 of 2nd period - Slapshot by Cole Sillinger.
4:24 of 2nd period - Shot Misses the Net.
4:26 of 2nd period - Slapshot by Rasmus Andersson.
4:26 of 2nd period - Shot Misses the Net.
4:28 of 2nd period - Wrist shot by Cole Sillinger.
4:28 of 2nd period - Deflect By Alex DeBrincat.
4:28 of 2nd period - Shot Blocked by Dante Fabbro.
4:28 of 2nd period - Puck is out of play.
4:29 of 2nd period - Sam Steel wins face-off versus Nic Dowd in Winnipeg Jets zone.
4:34 of 2nd period - Mathieu Joseph is hit by Nathan Beaulieu and loses puck.
4:47 of 2nd period - Calen Addison is hit by Nic Dowd and loses puck.
5:19 of 2nd period - Snap shot by Matthew Tkachuk.
5:19 of 2nd period - Stopped by Ukko-Pekka Luukkonen with a rebound.
6:31 of 2nd period - Off-side.
6:32 of 2nd period - Sam Steel wins face-off versus Mathieu Joseph in neutral zone.
6:39 of 2nd period - Snap shot by Sam Steel.
6:39 of 2nd period - Stopped by Ilya Sorokin with a rebound.
6:41 of 2nd period - Wrist shot by Alex DeBrincat.
6:41 of 2nd period - Stopped by Ilya Sorokin without a rebound.
6:42 of 2nd period - Nick Suzuki wins face-off versus J.T. Miller in Calgary Flames zone.
7:56 of 2nd period - Snap shot by Kaapo Kakko.
7:56 of 2nd period - Shot Misses the Net.
7:58 of 2nd period - Wrist shot by Kaapo Kakko.
7:58 of 2nd period - Shot Misses the Net.
8:00 of 2nd period - Slapshot by Jordan Harris.
8:00 of 2nd period - Stopped by Ilya Sorokin with a rebound.
8:12 of 2nd period - Snap shot by Joel Eriksson Ek.
8:12 of 2nd period - Shot Misses the Net.
8:21 of 2nd period - Icing by Drew Doughty.
8:22 of 2nd period - Sam Steel wins face-off versus Nic Dowd in Calgary Flames zone.
8:23 of 2nd period - Wrist shot by Pius Suter.
8:23 of 2nd period - Stopped by Ilya Sorokin with a rebound.
8:25 of 2nd period - Snap shot by Nathan Beaulieu.
8:25 of 2nd period - Shot Blocked by Nic Dowd.
8:27 of 2nd period - Wrist shot by Calen Addison.
8:27 of 2nd period - Shot Blocked by Nic Dowd.
8:29 of 2nd period - Wrist shot by Pius Suter.
8:29 of 2nd period - Shot Blocked by Nic Dowd.
8:31 of 2nd period - Wrist shot by Klim Kostin.
8:31 of 2nd period - Shot Blocked by Mathieu Joseph.
8:33 of 2nd period - Slapshot by Calen Addison.
8:33 of 2nd period - Shot Blocked by Nic Dowd.
8:35 of 2nd period - Snap shot by Sam Steel.
8:35 of 2nd period - Shot Misses the Net.
8:37 of 2nd period - Slapshot by Calen Addison.
8:37 of 2nd period - Shot Blocked by Drew Doughty.
8:47 of 2nd period - Mathieu Joseph is hit by Joel Armia and loses puck.
9:27 of 2nd period - Snap shot by Mathieu Joseph.
9:27 of 2nd period - Stopped by Ukko-Pekka Luukkonen with a rebound.
9:35 of 2nd period - Slapshot by Oliver Bjorkstrand.
9:35 of 2nd period - Shot Misses the Net.
9:57 of 2nd period - Slapshot by Joel Eriksson Ek.
9:57 of 2nd period - Stopped by Ukko-Pekka Luukkonen with a rebound.
10:16 of 2nd period - Slapshot by Zach Hyman.
10:16 of 2nd period - Shot Misses the Net.
10:34 of 2nd period - Minor Penalty to Dante Fabbro for Hooking.
10:35 of 2nd period - J.T. Miller wins face-off versus Connor McDavid in Winnipeg Jets zone.
10:36 of 2nd period - Snap shot by Matthew Tkachuk.
10:36 of 2nd period - Goal by Matthew Tkachuk - Winnipeg Jets : 0 - Calgary Flames : 5.
10:37 of 2nd period - Connor McDavid wins face-off versus J.T. Miller in neutral zone.
10:40 of 2nd period - Jeff Petry is hit by Lucas Raymond and loses puck.
11:08 of 2nd period - Wrist shot by Nick Suzuki.
11:08 of 2nd period - Deflect By Kaapo Kakko.
11:08 of 2nd period - Shot Misses the Net.
11:08 of 2nd period - Puck is out of play.
11:09 of 2nd period - Sebastian Aho wins face-off versus Nick Suzuki in Calgary Flames zone.
11:38 of 2nd period - Wrist shot by Sebastian Aho.
11:38 of 2nd period - Stopped by Ukko-Pekka Luukkonen without a rebound.
11:39 of 2nd period - Matthew Tkachuk wins face-off versus Connor McDavid in Winnipeg Jets zone.
11:42 of 2nd period - Snap shot by Joel Eriksson Ek.
11:42 of 2nd period - Shot Blocked by Alex DeBrincat.
12:29 of 2nd period - Snap shot by Kaapo Kakko.
12:29 of 2nd period - Stopped by Ilya Sorokin with a rebound.
12:31 of 2nd period - Snap shot by Kaapo Kakko.
12:31 of 2nd period - Deflect By Nick Suzuki.
12:31 of 2nd period - Shot Misses the Net.
12:31 of 2nd period - Puck is out of play.
12:32 of 2nd period - J.T. Miller wins face-off versus Joel Armia in Calgary Flames zone.
12:36 of 2nd period - Off-side.
12:37 of 2nd period - J.T. Miller wins face-off versus Joel Armia in neutral zone.
13:50 of 2nd period - Wrist shot by Oliver Bjorkstrand.
13:50 of 2nd period - Stopped by Ukko-Pekka Luukkonen with a rebound.
13:52 of 2nd period - Slapshot by Michael Anderson.
13:52 of 2nd period - Shot Misses the Net.
13:54 of 2nd period - Wrist shot by Michael Anderson.
13:54 of 2nd period - Shot Blocked by Nick Suzuki.
13:56 of 2nd period - Wrist shot by Oliver Bjorkstrand.
13:56 of 2nd period - Stopped by Ukko-Pekka Luukkonen without a rebound.
13:57 of 2nd period - Sebastian Aho wins face-off versus Connor McDavid in Winnipeg Jets zone.
14:10 of 2nd period - Backhand shot by Timo Meier.
14:10 of 2nd period - Stopped by Ukko-Pekka Luukkonen without a rebound.
14:11 of 2nd period - Connor McDavid wins face-off versus J.T. Miller in Winnipeg Jets zone.
14:27 of 2nd period - Lucas Raymond is hit by Matthew Tkachuk and loses puck.
14:42 of 2nd period - Snap shot by Lucas Raymond.
14:42 of 2nd period - Stopped by Ilya Sorokin without a rebound.
14:43 of 2nd period - Joel Armia wins face-off versus Sebastian Aho in Calgary Flames zone.
14:46 of 2nd period - Slapshot by Lucas Raymond.
14:46 of 2nd period - Stopped by Ilya Sorokin with a rebound.
14:52 of 2nd period - Slapshot by Sebastian Aho.
14:52 of 2nd period - Stopped by Ukko-Pekka Luukkonen with a rebound.
14:54 of 2nd period - Snap shot by Zach Hyman.
14:54 of 2nd period - Stopped by Ukko-Pekka Luukkonen with a rebound.
14:56 of 2nd period - Slapshot by Sebastian Aho.
14:56 of 2nd period - Goal by Sebastian Aho - Winnipeg Jets : 0 - Calgary Flames : 6.
14:57 of 2nd period - Connor McDavid wins face-off versus J.T. Miller in neutral zone.
15:19 of 2nd period - Minor Penalty to Matthew Tkachuk for Slashing.
15:20 of 2nd period - Connor McDavid wins face-off versus Joel Eriksson Ek in Calgary Flames zone.
15:53 of 2nd period - Snap shot by Nick Suzuki.
15:53 of 2nd period - Shot Misses the Net.
16:33 of 2nd period - Alex DeBrincat is hit by Jeff Petry and loses puck.
17:11 of 2nd period - 10 Minutes Misconduct Penalty to Barclay Goodrow is over.
17:19 of 2nd period - Penalty to Matthew Tkachuk is over, Matthew Tkachuk is back on ice.
17:20 of 2nd period - Connor McDavid is hit by Sebastian Aho and loses puck.
17:41 of 2nd period - Snap shot by Sebastian Aho.
17:41 of 2nd period - Shot Misses the Net.
17:43 of 2nd period - Wrist shot by Sebastian Aho.
17:43 of 2nd period - Stopped by Ukko-Pekka Luukkonen with a rebound.
17:45 of 2nd period - Snap shot by Sebastian Aho.
17:45 of 2nd period - Stopped by Ukko-Pekka Luukkonen with a rebound.
18:19 of 2nd period - Snap shot by Matthew Tkachuk.
18:19 of 2nd period - Shot Misses the Net.
18:21 of 2nd period - Wrist shot by Sebastian Aho.
18:21 of 2nd period - Stopped by Ukko-Pekka Luukkonen with a rebound.
18:23 of 2nd period - Slapshot by Sebastian Aho.
18:23 of 2nd period - Shot Misses the Net.
18:43 of 2nd period - Wrist shot by Matthew Tkachuk.
18:43 of 2nd period - Stopped by Ukko-Pekka Luukkonen without a rebound.
18:44 of 2nd period - Nic Dowd wins face-off versus Barclay Goodrow in Winnipeg Jets zone.
18:45 of 2nd period - Slapshot by Oliver Bjorkstrand.
18:45 of 2nd period - Stopped by Ukko-Pekka Luukkonen without a rebound.
18:46 of 2nd period - Matthew Beniers wins face-off versus Nic Dowd in Winnipeg Jets zone.
19:21 of 2nd period - Slapshot by Rasmus Andersson.
19:21 of 2nd period - Shot Blocked by Kaiden Guhle.
19:22 of 2nd period - Minor Penalty to Yakov Trenin for Slashing.
19:23 of 2nd period - Joel Eriksson Ek wins face-off versus Andrew Cogliano in Calgary Flames zone.
19:23 of 2nd period - Joel Eriksson Ek is hit by Kaapo Kakko.
19:55 of 2nd period - Ryan McDonagh is hit by Nick Suzuki and loses puck.
Goals for this period are 0 for Winnipeg Jets vs 3 for Calgary Flames.
Shots for this period are 8 for Winnipeg Jets vs 17 for Calgary Flames.
3rd period
0:01 of 3rd period - Joel Eriksson Ek wins face-off versus Connor McDavid in neutral zone.
1:22 of 3rd period - Penalty to Yakov Trenin is over, Yakov Trenin is back on ice.
1:31 of 3rd period - Michael Anderson is hit by Nathan Beaulieu and loses puck.
1:38 of 3rd period - Wrist shot by Barclay Goodrow.
1:38 of 3rd period - Stopped by Ilya Sorokin without a rebound.
1:39 of 3rd period - Sam Steel wins face-off versus Sebastian Aho in Calgary Flames zone.
2:30 of 3rd period - Slapshot by Kris Letang.
2:30 of 3rd period - Stopped by Ukko-Pekka Luukkonen with a rebound.
2:32 of 3rd period - Snap shot by J.T. Miller.
2:32 of 3rd period - Deflect By Joel Eriksson Ek.
2:32 of 3rd period - Stopped by Ukko-Pekka Luukkonen without a rebound.
2:33 of 3rd period - Nic Dowd wins face-off versus Connor McDavid in Winnipeg Jets zone.
2:48 of 3rd period - Snap shot by Lucas Raymond.
2:48 of 3rd period - Goal by Lucas Raymond - Winnipeg Jets : 1 - Calgary Flames : 6.
2:49 of 3rd period - J.T. Miller wins face-off versus Alex DeBrincat in neutral zone.
2:57 of 3rd period - Kaiden Guhle is hit by J.T. Miller and loses puck.
2:59 of 3rd period - Joel Eriksson Ek and Dante Fabbro fight to a draw.
2:59 of 3rd period - Penalty to Joel Eriksson Ek for Fighting.
2:59 of 3rd period - Penalty to Dante Fabbro for Fighting.
3:00 of 3rd period - J.T. Miller wins face-off versus Connor McDavid in Winnipeg Jets zone.
3:07 of 3rd period - Matthew Tkachuk is hit by Alex DeBrincat and loses puck.
3:12 of 3rd period - Snap shot by Alex DeBrincat.
3:12 of 3rd period - Stopped by Ilya Sorokin without a rebound.
3:13 of 3rd period - J.T. Miller wins face-off versus Alex DeBrincat in Calgary Flames zone.
3:24 of 3rd period - Slapshot by J.T. Miller.
3:24 of 3rd period - Shot Misses the Net.
3:26 of 3rd period - Slapshot by Matthew Tkachuk.
3:26 of 3rd period - Stopped by Ukko-Pekka Luukkonen with a rebound.
3:28 of 3rd period - Wrist shot by Matthew Tkachuk.
3:28 of 3rd period - Stopped by Ukko-Pekka Luukkonen with a rebound.
3:40 of 3rd period - Jeff Petry is hit by Kaiden Guhle and loses puck.
3:53 of 3rd period - Wrist shot by Nick Suzuki.
3:53 of 3rd period - Stopped by Ilya Sorokin with a rebound.
4:09 of 3rd period - Drew Doughty is hit by Barclay Goodrow.
5:03 of 3rd period - Slapshot by Nick Suzuki.
5:03 of 3rd period - Shot Misses the Net.
5:05 of 3rd period - Slapshot by Calen Addison.
5:05 of 3rd period - Stopped by Ilya Sorokin with a rebound.
5:07 of 3rd period - Wrist shot by Nick Suzuki.
5:07 of 3rd period - Stopped by Ilya Sorokin with a rebound.
5:09 of 3rd period - Wrist shot by Andrew Cogliano.
5:09 of 3rd period - Goal by Andrew Cogliano - Winnipeg Jets : 2 - Calgary Flames : 6.
5:10 of 3rd period - J.T. Miller wins face-off versus Connor McDavid in neutral zone.
5:27 of 3rd period - Snap shot by J.T. Miller.
5:27 of 3rd period - Shot Misses the Net.
7:33 of 3rd period - Wrist shot by Connor McDavid.
7:33 of 3rd period - Shot Hit the Post.
7:35 of 3rd period - Wrist shot by Lucas Raymond.
7:35 of 3rd period - Goal by Lucas Raymond - Winnipeg Jets : 3 - Calgary Flames : 6.
7:36 of 3rd period - Nick Suzuki wins face-off versus Sebastian Aho in neutral zone.
7:51 of 3rd period - Slapshot by Andrew Cogliano.
7:51 of 3rd period - Shot Misses the Net.
9:44 of 3rd period - Timo Meier is hit by Kaapo Kakko and loses puck.
10:03 of 3rd period - Snap shot by Oliver Bjorkstrand.
10:03 of 3rd period - Shot Misses the Net.
10:05 of 3rd period - Snap shot by Oliver Bjorkstrand.
10:05 of 3rd period - Shot Misses the Net.
10:15 of 3rd period - Slapshot by Sam Steel.
10:15 of 3rd period - Deflect By Klim Kostin.
10:15 of 3rd period - Stopped by Ilya Sorokin with a rebound.
15:03 of 3rd period - Icing by Sam Steel.
15:04 of 3rd period - Sam Steel wins face-off versus Mathieu Joseph in Winnipeg Jets zone.
15:11 of 3rd period - Mathieu Joseph is hit by Sam Steel and loses puck.
15:16 of 3rd period - Snap shot by Sam Steel.
15:16 of 3rd period - Shot Misses the Net.
15:18 of 3rd period - Slapshot by Nathan Beaulieu.
15:18 of 3rd period - Stopped by Ilya Sorokin with a rebound.
15:50 of 3rd period - Wrist shot by Nick Suzuki.
15:50 of 3rd period - Deflect By Alex DeBrincat.
15:50 of 3rd period - Shot Misses the Net.
15:50 of 3rd period - Puck is out of play.
15:51 of 3rd period - Connor McDavid wins face-off versus J.T. Miller in Calgary Flames zone.
16:06 of 3rd period - Snap shot by Alex DeBrincat.
16:06 of 3rd period - Deflect By Connor McDavid.
16:06 of 3rd period - Shot Misses the Net.
16:06 of 3rd period - Puck is out of play.
16:07 of 3rd period - Nick Suzuki wins face-off versus Nic Dowd in Calgary Flames zone.
16:18 of 3rd period - Snap shot by Kaapo Kakko.
16:18 of 3rd period - Stopped by Ilya Sorokin without a rebound.
16:19 of 3rd period - Nic Dowd wins face-off versus Barclay Goodrow in Calgary Flames zone.
16:21 of 3rd period - Minor Penalty to Mathieu Joseph for Interference.
16:22 of 3rd period - Connor McDavid wins face-off versus Joel Eriksson Ek in Calgary Flames zone.
16:42 of 3rd period - Nic Dowd is hit by Lucas Raymond.
17:21 of 3rd period - Snap shot by Connor McDavid.
17:21 of 3rd period - Stopped by Ilya Sorokin without a rebound.
17:22 of 3rd period - Nick Suzuki wins face-off versus Joel Eriksson Ek in Calgary Flames zone.
17:25 of 3rd period - Snap shot by Nick Suzuki.
17:25 of 3rd period - Shot Misses the Net.
17:27 of 3rd period - Snap shot by Kaiden Guhle.
17:27 of 3rd period - Shot Blocked by Joel Eriksson Ek.
17:29 of 3rd period - Slapshot by Kaiden Guhle.
17:29 of 3rd period - Stopped by Ilya Sorokin with a rebound.
17:31 of 3rd period - Backhand shot by Dante Fabbro.
17:31 of 3rd period - Stopped by Ilya Sorokin without a rebound.
17:32 of 3rd period - Joel Eriksson Ek wins face-off versus Nick Suzuki in Calgary Flames zone.
17:37 of 3rd period - Minor Penalty to Andrew Cogliano for High sticking.
17:38 of 3rd period - Connor McDavid wins face-off versus J.T. Miller in Winnipeg Jets zone.
17:48 of 3rd period - Off-side.
17:49 of 3rd period - Alex DeBrincat wins face-off versus Zach Hyman in neutral zone.
17:58 of 3rd period - Snap shot by Alex DeBrincat.
17:58 of 3rd period - Stopped by Ilya Sorokin without a rebound.
17:59 of 3rd period - Alex DeBrincat wins face-off versus Sebastian Aho in Calgary Flames zone.
18:12 of 3rd period - Snap shot by Alex DeBrincat.
18:12 of 3rd period - Shot Blocked by Sebastian Aho.
18:14 of 3rd period - Slapshot by Calen Addison.
18:14 of 3rd period - Shot Blocked by Michael Anderson.
18:16 of 3rd period - Wrist shot by Calen Addison.
18:16 of 3rd period - Shot Misses the Net.
18:18 of 3rd period - Slapshot by Calen Addison.
18:18 of 3rd period - Stopped by Ilya Sorokin with a rebound.
18:20 of 3rd period - Snap shot by Nathan Beaulieu.
18:20 of 3rd period - Shot Blocked by Michael Anderson.
18:21 of 3rd period - Penalty to Mathieu Joseph is over, Mathieu Joseph is back on ice.
18:22 of 3rd period - Slapshot by Calen Addison.
18:22 of 3rd period - Deflect By Sebastian Aho.
18:22 of 3rd period - Stopped by Ilya Sorokin with a rebound.
18:24 of 3rd period - Snap shot by Lucas Raymond.
18:24 of 3rd period - Shot Misses the Net.
18:26 of 3rd period - Slapshot by Calen Addison.
18:26 of 3rd period - Stopped by Ilya Sorokin with a rebound.
18:30 of 3rd period - Wrist shot by Alex DeBrincat.
18:30 of 3rd period - Stopped by Ilya Sorokin without a rebound.
18:31 of 3rd period - Connor McDavid wins face-off versus J.T. Miller in Calgary Flames zone.
18:36 of 3rd period - Wrist shot by Nick Suzuki.
18:36 of 3rd period - Deflect By Connor McDavid.
18:36 of 3rd period - Goal by Connor McDavid - Winnipeg Jets : 4 - Calgary Flames : 6.
18:37 of 3rd period - J.T. Miller wins face-off versus Connor McDavid in neutral zone.
19:10 of 3rd period - Icing by Sebastian Aho.
19:11 of 3rd period - Lucas Raymond wins face-off versus Sebastian Aho in Calgary Flames zone.
19:18 of 3rd period - Snap shot by Alex DeBrincat.
19:18 of 3rd period - Stopped by Ilya Sorokin without a rebound.
19:19 of 3rd period - Connor McDavid wins face-off versus Matthew Tkachuk in Calgary Flames zone.
19:20 of 3rd period - Slapshot by Nick Suzuki.
19:20 of 3rd period - Stopped by Ilya Sorokin with a rebound.
19:22 of 3rd period - Slapshot by Kaiden Guhle.
19:22 of 3rd period - Shot Misses the Net.
19:24 of 3rd period - Snap shot by Kaiden Guhle.
19:24 of 3rd period - Stopped by Ilya Sorokin with a rebound.
19:26 of 3rd period - Wrist shot by Nick Suzuki.
19:26 of 3rd period - Stopped by Ilya Sorokin without a rebound.
19:27 of 3rd period - Connor McDavid wins face-off versus J.T. Miller in Calgary Flames zone.
19:32 of 3rd period - Snap shot by Nick Suzuki.
19:32 of 3rd period - Shot Misses the Net.
19:37 of 3rd period - Penalty to Andrew Cogliano is over, Andrew Cogliano is back on ice.
19:58 of 3rd period - Snap shot by Matthew Tkachuk.
19:58 of 3rd period - Shot Blocked by Kaiden Guhle.
Goals for this period are 4 for Winnipeg Jets vs 0 for Calgary Flames.
Shots for this period are 24 for Winnipeg Jets vs 4 for Calgary Flames.
Back to the Top